 Dungeon Crawl Stone Soup version 0.25-a0-71-ge910a4a285 (webtiles) character file.

Game seed: 9912717725934683088, levelgen mode: deterministic

244 Amnesiac the Digger (level 5, 0/52 HPs)
             Began as a Vampire Earth Elementalist on Nov 3, 2019.
             Slain by a worker ant (4 damage)
             ... on level 5 of the Dungeon.
             The game lasted 00:04:21 (1201 turns).

Amnesiac the Digger (Vampire Earth Elementalist)    Turns: 1201, Time: 00:04:22

Health: 0/52       AC: 22    Str:  7    XL:     5   Next: 83%
Magic:  0/9        EV:  2    Int: 18    God:
Gold:   74         SH:  0    Dex: 15    Spells: 2/9 levels left

rFire    . . .     SeeInvis +   f - +0 dagger
rCold    . . .     Gourm    .   (no shield)
rNeg     + + +     Faith    .   (armour currently unavailable)
rPois    +         Spirit   .   (helmet currently unavailable)
rElec    .         Reflect  .   (cloak currently unavailable)
rCorr    .         Harm     .   (gloves currently unavailable)
MR       .....     NoTele   +   (boots currently unavailable)
Stlth    ++........             (no amulet)
HPRegen  0.37/turn              (no ring)
MPRegen  0.11/turn              (no ring)

@: lethally poisoned (0 -> -1), tree-form, regenerating quickly
A: no food, see invisible
a: Exsanguinate


You were on level 5 of the Dungeon.
You were alive.
You were a tree.
You visited 1 branch of the dungeon, and saw 7 of its levels.

You collected 74 gold pieces.

Inventory:

Hand Weapons
 f - a +0 dagger (weapon)
Missiles
 b - 69 stones (quivered)
Armour
 c - a +0 robe (melded)
Wands
 m - a wand of random effects (26)
Scrolls
 a - a scroll of teleportation {!r, unknown}
 d - 2 scrolls of blinking {!r, unknown}
 e - 2 scrolls of remove curse {!r, unknown}
 h - 2 scrolls of identify {!r, unknown}
 j - a scroll of random uselessness {!r, unknown}
 l - a scroll of immolation {!r, unknown}
 n - 2 scrolls of magic mapping {!r, unknown}
 o - a scroll of amnesia {!r, unknown}
Potions
 g - a potion of lignification {!q}
 i - a potion of might {!q, unknown}
 k - a potion of mutation {!q, unknown}
 p - a potion of cancellation {!q, unknown}
 q - a potion of degeneration {!q, unknown}


   Skills:
 + Level 2.3 Short Blades
 - Level 2.1 Dodging
 - Level 3.0 Stealth
 + Level 2.9 Spellcasting
 + Level 3.4 Transmutations
 * Level 4.6 Earth Magic


You had 2 spell levels left.
You knew the following spells:

 Your Spells              Type           Power        Failure   Level  Hunger
a - Sandblast             Erth           ###...       2%          1    N/A
b - Passwall              Tmut/Erth      ###.....     4%          2    N/A
e - Petrify               Tmut/Erth      ###.....     30%         4    N/A

Your spell library contained the following spells:

 Spells                   Type           Power        Failure   Level  Hunger
 Stone Arrow              Conj/Erth      ##....       19%         3    N/A
 Lee's Rapid Deconstruct  Erth           ###.......   56%         5    N/A

Dungeon Overview and Level Annotations

Branches:
Dungeon (7/15)
 Temple: D:4-7

Altars:
Elyvilon
Fedhas
Hepliaklqana

Annotations:
D:6 Eustachio


Innate Abilities, Weirdness & Mutations

You do not eat.
Your natural rate of healing is unusually fast.
((You have razor-sharp teeth.))
You have supernaturally acute eyesight. (SInv)
((You can survive without breathing.))


Message History

The crimson imp is lightly wounded.
The crimson imp shouts!
b - 71 stones The worker ant twitches its antennae in your direction.
Unknown command.
Casting: Sandblast (safe; 2% risk of failure)
Confirm with . or Enter, or press ? or * to list all spells.
Aiming: Sandblast (safe; 2% risk of failure)
Press: ? - help, Shift-Dir - straight line, f/p - crimson imp
Aim: a crimson imp The blast of sand hits the crimson imp!
You kill the crimson imp!
b - 70 stones Unknown command.
Casting: Sandblast (safe; 2% risk of failure)
Confirm with . or Enter, or press ? or * to list all spells.
Aiming: Sandblast (safe; 2% risk of failure)
Press: ? - help, Shift-Dir - straight line, f - worker ant
Aim: a worker ant The blast of sand hits the worker ant!
The worker ant is heavily wounded.
b - 69 stones The worker ant barely misses you.
Unknown command.
Casting: Sandblast (safe; 2% risk of failure)
Confirm with . or Enter, or press ? or * to list all spells.
You don't have enough magic to cast that spell.
Casting: Sandblast (safe; 2% risk of failure)
Confirm with . or Enter, or press ? or * to list all spells.
You don't have enough magic to cast that spell.
Casting: Sandblast (safe; 2% risk of failure)
Confirm with . or Enter, or press ? or * to list all spells.
You don't have enough magic to cast that spell.
You hit the worker ant but do no damage.
The worker ant is heavily wounded.
The worker ant bites you.
* * * LOW HITPOINT WARNING * * *
Casting: Sandblast (safe; 2% risk of failure)
Confirm with . or Enter, or press ? or * to list all spells.
You don't have enough magic to cast that spell.
You hit the worker ant. You bite the worker ant.
The worker ant is severely wounded.
The worker ant bites you.
* * * LOW HITPOINT WARNING * * *
You are poisoned.
The worker ant poisons you!
Casting: Sandblast (safe; 2% risk of failure)
Confirm with . or Enter, or press ? or * to list all spells.
You don't have enough magic to cast that spell.
You hit the worker ant but do no damage.
The worker ant is severely wounded.
You feel sick. The worker ant bites you!
* * * LOW HITPOINT WARNING * * *
Casting: Sandblast (safe; 2% risk of failure)
Confirm with . or Enter, or press ? or * to list all spells.
You don't have enough magic to cast that spell.
Really quaff
g - 2 cyan potions {!q}?
It was a potion of lignification {!q}.
You turn into a tree.
Your roots penetrate the ground.
You feel sick. The worker ant bites you.
* * * LOW HITPOINT WARNING * * *
You closely miss the worker ant.
The worker ant is severely wounded.
The worker ant bites you.
You die...

#.......# #..#### #.#
#.#.###.# # ##....###
#.# #.#.# #.#
#.###........ ..# #.#.#
#.# #.#........## ###
....# #.# ##..._.......#
#
#.#####.###............#
#
#........#......?⌠.....#
#
#..####..##....a......#
# #.)....<.# #.#..♣.._.#
# ......##.###.#.......#
# ##.##..........#...###
### #.#####.###.##..###
#.. #.# #.# #.# ### .#
#.#####.# #.# #..
#.....).# ... #..
######### #.# #.. #.#
#.≈


You could see a worker ant.

Vanquished Creatures
  An ogre (D:5)
  A scorpion (D:5)
  A crimson imp (D:5)
  A centaur skeleton (D:5)
  A hound skeleton (D:5)
  An adder (D:5)
  An ooze (D:3)
  An adder skeleton (D:4)
  A worm (D:4)
  A dart slug (D:2)
  2 leopard geckos
  A giant cockroach (D:4)
  A goblin (D:1)
  A hobgoblin (D:3)
  2 jackals (D:4)
  2 bats (D:2)
  A frilled lizard (D:2)
  2 kobolds (D:2)
22 creatures vanquished.

Notes
Turn   | Place    | Note
-------+----------+-------------------------------------------
     0 | D:1      | Amnesiac the Vampire Earth Elementalist began the quest for
                  | the Orb.
     0 | D:1      | Reached XP level 1. HP: 13/13 MP: 3/3
   144 | D:2      | Reached XP level 2. HP: 7/19 MP: 5/5
   148 | D:2      | Learned a level 2 spell: Passwall
   607 | D:5      | Entered Level 5 of the Dungeon
   837 | D:4      | Reached XP level 3. HP: 19/24 MP: 2/6
   915 | D:5      | Noticed a scorpion
   927 | D:5      | Found a blossoming altar of Fedhas.
   956 | D:6      | Noticed Eustachio
  1085 | D:5      | Reached skill level 1 in Short Blades
  1085 | D:5      | Reached XP level 4. HP: 30/30 MP: 2/7
  1091 | D:5      | Learned a level 4 spell: Petrify
  1127 | D:5      | Noticed an ogre
  1133 | D:5      | Killed an ogre
  1133 | D:5      | Reached skill level 4 in Earth Magic
  1133 | D:5      | Reached XP level 5. HP: 35/35 MP: 3/9
  1188 | D:5      | Found a hazy altar of Hepliaklqana.
  1189 | D:5      | Found a white marble altar of Elyvilon.
  1201 | D:5      | Slain by a worker ant

Levels and vault maps discovered:
D:1:      lemuel_arrival_muddy, layout_basic, hangedman_decor_riveting,
          serial_bayou_pond_a
D:2:      layout_loops_cross, first_ration
D:3:      layout_basic
D:4:      layout_basic, hex_intersection, uniq_sigmund
D:5:      layout_loops_corners, grunt_temple_overflow_open,
          nicolae_ossuary_entry_plus, fedhas_ov_isle_minmay, uniq_duvessa
D:6:      layout_basic, temple_pool_b, hangedman_abyss_or_decor_passed,
          uniq_eustachio
D:7:      lemuel_ice_statue, layout_basic, serial_shops, shop, grunt_ogre_cave,
          uniq_harold

Skill      XL: |  1  2  3  4  5 |
---------------+----------------+-----
Transmutations | 2 3 |  3.4
Short Blades   | 1 2 |  2.3
Earth Magic    | 4 |  4.6
Dodging        | |  2.1
Stealth        | |  3.0
Spellcasting   | |  2.9

Action                   |  1- 3 |  4- 6 || total
-------------------------+-------+-------++-------
Melee: Dagger            |    76 |     8 ||    84
       Bite              |    11 |     1 ||    12
       Unarmed           |     3 |       ||     3
 Cast: Passwall          |     7 |       ||     7
       Sandblast         |     6 |    15 ||    21
  Use: Potion            |       |     1 ||     1
 Stab: Sleeping          |     5 |     1 ||     6
Armor: Robe              |    19 |       ||    19
Dodge: Dodged            |    62 |     5 ||    67

Table legend:
 A = Non-vault XP
 B = Vault XP
 C = Vault XP percentage of total XP
 D = Non-vault monster count
 E = Vault monster count
 F = Vault count percentage of total count
                 A         B        C        D         E       F
            +---------+---------+-------+---------+---------+-------
      Total |     349 |       0 |   0.0 |      22 |       0 |   0.0
            +---------+---------+-------+---------+---------+-------
        D:1 |       2 |       0 |   0.0 |       1 |       0 |   0.0
        D:2 |      13 |       0 |   0.0 |       7 |       0 |   0.0
        D:3 |      12 |       0 |   0.0 |       3 |       0 |   0.0
        D:4 |      16 |       0 |   0.0 |       5 |       0 |   0.0
        D:5 |     306 |       0 |   0.0 |       6 |       0 |   0.0
            +---------+---------+-------+---------+---------+-------
